 Dungeon Crawl Stone Soup version 0.31-a0-1278-g11c5b68f87 (webtiles) character file.

Game seed: 14101141450777577582

152 croobank the Sneak (level 5, -3/42 HPs)
             Began as a Demonspawn Delver on Dec 17, 2023.
             Slain by an orc
             ... wielding a +0 war axe
              (6 damage)
             ... on level 5 of the Dungeon.
             The game lasted 00:10:20 (3060 turns).

croobank the Sneak (Demonspawn Delver)              Turns: 3060, Time: 00:10:21

Health: -3/42      AC:  0    Str: 12    XL:     5   Next: 11%
Magic:  5/5        EV: 12    Int: 12    God:
Gold:   63         SH:  0    Dex: 15    Spells: 4/4 levels left

rFire   . . .        a - +0 short sword
rCold   . . .        (no shield)
rNeg    . . .        b - +0 leather armour
rPois   .            (helmet restricted)
rElec   .            (no cloak)
rCorr   .            (no gloves)
SInv    +            o - +0 pair of boots
Will    .....        (no amulet)
Stlth   +++          e - ring of wizardry
HPRegen 0.27/turn    h - ring of see invisible
MPRegen 0.09/turn

%: wizardry (x1)
@: about to teleport, corroded
A: antennae 1, demonic guardian 1, weakness stinger 1
a: no special abilities


You were on level 5 of the Dungeon.
You visited 1 branch of the dungeon, and saw 6 of its levels.

You collected 63 gold pieces.

Inventory:

Hand Weapons
 a - a +0 short sword (weapon)
 f - a +0 dagger
Missiles
 r - 4 javelins
Armour
 b - a +0 leather armour (worn)
 m - a +0 ring mail
 o - a +0 pair of boots (worn)
 s - a +0 tower shield
Magical Staves
 l - a staff of air
Jewellery
 e - a ring of wizardry (left hand)
 h - a ring of see invisible (right hand)
Wands
 g - a wand of digging (3)
 p - a wand of polymorph (8)
Scrolls
 c - a scroll of teleportation
 d - a scroll of vulnerability
 j - a scroll of enchant weapon {unknown}
 n - a scroll of noise {unknown}
 q - a scroll of enchant armour {unknown}
Potions
 i - 2 potions of heal wounds {unknown}
 k - a potion of curing {unknown}


   Skills:
 + Level 3.8 Fighting
 + Level 2.9 Short Blades
 + Level 2.8 Dodging
 + Level 5.2 Stealth


You had 4 spell levels left.
You didn't know any spells.
Your spell library was empty.

Dungeon Overview and Level Annotations

Branches:
Dungeon (6/15)
 Temple: D:4-7

Altars:
Dithmenos

Annotations:
D:3 Natasha, Sigmund
D:4 Dowan, Duvessa, Pikel


Innate Abilities, Weirdness & Mutations

You have a pair of small antennae on your head.
A weak demonic guardian rushes to your aid.
You have a small tail.


Message History

Found a scroll labelled DEQADGH BAFUQI.
The orc shouts!
The orc attacks as it pursues you! The orc closely misses you.
The orc attacks as it pursues you! The orc hits you with a +0 war axe!
The orc attacks as it pursues you! The orc hits you with a +0 war axe!
A demonic guardian appears!
You swap places.
The orc barely misses your white imp.
Your white imp hits the orc but does no damage.
The orc barely misses your white imp.
Your white imp barely misses the orc.
The orc closely misses your white imp.
Your white imp barely misses the orc.
Your white imp closely misses the orc.
Your white imp is smitten.
Your white imp dies!
Your white imp disappears in a puff of smoke!
There is a stone staircase leading down here.
You climb downwards.
The orc shouts!
The orc hits you with a +0 dagger. The orc closely misses you.
The jelly hits you but does no damage.
An orc wizard comes into view. It is wielding a +0 dagger.
There is a stone staircase leading up here.
The orc closely misses you. The orc hits you with a +0 club.
The jelly hits you.
You are splashed with acid!
* * * LOW HITPOINT WARNING * * *
A demonic guardian appears!
You climb upwards.
There is a stone staircase leading down here.
As you read the scroll of teleportation, it crumbles to dust.
You feel strangely unstable. The orc barely misses you.
The orc hits you with a +0 dagger.
* * * LOW HITPOINT WARNING * * *
The jelly hits you but does no damage. The orc hits you but does no damage.
The orc barely misses you. The jelly hits you.
* * * LOW HITPOINT WARNING * * *
The acid corrodes you!
You are splashed with acid!
* * * LOW HITPOINT WARNING * * *
The orc attacks as it pursues you! The orc closely misses you.
The orc attacks as it pursues you! The orc hits you with a +0 war axe.
You die...

..........##.................#,*
..........##...#.##.#........#,*
..........##...#....#.######.#,*
..........##...#........# *,*,*
..........##...#...##.#.# *,*,*
..###....###...#...##.#.# *,*,*
..#......###...#...##.#.# *,*,**
.,#.......##...#...##.#.# *,*,,,
..#.....#......o@..##.#.# *,****
..#.....###...o.#####.#.# *,,,,,
........'.....ooJ...#.#.# ******
..#.....#...........#.#.#
..#.....o...........#{#.#
..#.................#.#.#
..#............(....#.#<#
...#####............#.###
...#####..............#


You could see 4 orcs.

Vanquished Creatures
  A howler monkey (D:3)
  Robin (D:1)
  4 adders
  A worm (D:3)
  A dart slug (D:1)
  3 orcs
  3 bats (D:1)
  4 endoplasms
  A giant cockroach (D:4)
  12 goblins
  9 hobgoblins
  3 jackals
  3 quokkas
  3 ball pythons
  2 frilled lizards
  2 kobolds (D:2)
  2 rats
55 creatures vanquished.

Vanquished Creatures (collateral kills)
  An orc (D:4)
1 creature vanquished.

Grand Total: 56 creatures vanquished

Notes
Turn   | Place    | Note
-------+----------+-------------------------------------------
     0 | D:5      | croobank the Demonspawn Delver began the quest for the Orb.
     0 | D:5      | Reached XP level 1. HP: 18/18 MP: 1/1
    11 | D:6      | Noticed an orc wizard
    11 | D:6      | Noticed a jelly
   120 | D:3      | Noticed a howler monkey
   257 | D:3      | Discovered your monstrous ancestry.
   257 | D:3      | Gained mutation: You have a pair of small antennae on your
                  | head. [demonic ancestry]
   257 | D:3      | Reached XP level 2. HP: 24/24 MP: 2/2
   267 | D:4      | Noticed Duvessa
   274 | D:4      | Noticed Dowan
   375 | D:2      | Found a faded altar of an unknown god.
   489 | D:2      | Reached XP level 3. HP: 29/29 MP: 3/3
  1251 | D:2      | Noticed Robin
  1273 | D:1      | Killed Robin
  1526 | D:1      | Gained mutation: You have a small tail. [demonic ancestry]
  1526 | D:1      | Reached XP level 4. HP: 17/35 MP: 4/4
  1613 | D:2      | Reached skill level 5 in Stealth
  1751 | D:2      | Found a shadowy altar of Dithmenos.
  2166 | D:3      | Noticed Sigmund
  2497 | D:3      | Noticed Natasha
  2624 | D:4      | Gained mutation: A weak demonic guardian rushes to your
                  | aid. [demonic ancestry]
  2624 | D:4      | Reached XP level 5. HP: 33/42 MP: 5/5
  2810 | D:4      | Noticed a lemure
  2810 | D:4      | Noticed a lemure
  2811 | D:4      | Noticed Pikel
  2869 | D:5      | Noticed a black bear
  3059 | D:5      | HP: 2/42 [acid (7)]
  3060 | D:5      | Slain by an orc

Illustrated notes

Levels and vault maps discovered:
D:1:      minmay_arrival_open_corners, layout_rooms
D:2:      layout_basic, ebering_ecumenical_altar_webs, basic_altar, uniq_robin
D:3:      layout_loops_ring, minmay_fractal_squares_diagonal_5, uniq_natasha,
          uniq_terence, uniq_sigmund
D:4:      layout_cave_pools, gammafunk_temple_overflow_wave,
          serial_column_ruins, column_ruins_square_medium,
          column_ruins_hut_pillars, column_ruins_corridor_dead_end,
          column_ruins_grid_1, column_ruins_open_tiny, uniq_pikel, uniq_duvessa,
          uniq_grinder
D:5:      layout_basic, nicolae_ru_great_annihilating_truth, uniq_ijyb
D:6:      layout_rooms, general_overflow_altar, minmay_misc_feat_rows,
          uniq_eustachio

Skill      XL: |  1  2  3  4 |
---------------+-------------+-----
Short Blades   | 2 |  2.9
Dodging        | 2 |  2.8
Stealth        | 5 |  5.2
Fighting       | |  3.8

Action                     |  1- 3 |  4- 6 || total
---------------------------+-------+-------++-------
  Melee: Short sword       |   170 |    94 ||   264
         Punch             |     2 |       ||     2
         Tailslap          |       |    10 ||    10
  Throw: Javelin           |     4 |       ||     4
    Use: Scroll            |     3 |     4 ||     7
         Potion            |     1 |       ||     1
   Stab: Sleeping          |     4 |     1 ||     5
 Armour: Leather armour    |   101 |    58 ||   159
  Dodge: Dodged            |   121 |    41 ||   162

Table legend: (Time is in decaauts)
 A = Elapsed time spent in this place.
 B = Non-inter-level travel time spent in this place.
 C = Inter-level travel time spent in this place.
 D = Time resting spent in this place.
 E = Time spent auto-exploring this place.
 F = Levels seen in this place.
 G = Mean time per level.
                   A        B        C        D        E       F      G
               +--------+--------+--------+--------+--------+-----+--------+
         Total |   3016 |   2937 |     79 |   1137 |    874 |   6 |  502.7 |
       Dungeon |   3016 |   2937 |     79 |   1137 |    874 |   6 |  502.7 |
               +--------+--------+--------+--------+--------+-----+--------+

Top non-repeatable levels by time:
     D:1: 928 daAuts
     D:3: 900 daAuts
     D:2: 622 daAuts
     D:5: 319 daAuts
     D:4: 236 daAuts
     D:6: 9 daAuts
